[Event "FIDE WCCC U8 2018"]
[Site "Santiago de Compostela"]
[Date "2018.11.04"]
[Round "1"]
[White "Finek, Vaclav"]
[Black "Tregubenko, Nikolay"]
[Result "1-0"]
[ECO "D30"]
[WhiteElo "1942"]
[BlackElo "1138"]
[Annotator "NA RC"]
[PlyCount "123"]
[EventDate "2018.11.04"]
[EventType "swiss"]
[EventCountry "ESP"]
[SourceTitle "playchess.com"]
[Source "ChessBase"]
[SourceQuality "1"]
[TimeControl "40/5400+30:1800+30"]

1. d4 d5 2. c4 e6 3. Nf3 Nf6 4. e3 c6 5. Bd3 Bd6 6. O-O Nbd7 7. Nc3 O-O 8. e4 dxe4 9. Nxe4 Nxe4 10. Bxe4 e5 11. Bc2 exd4 {[%emt 0:01:28] D46: Semi-Slav: 5 e3 Nbd7 6 Bd3, Black avoids the Meran} 12. Qxd4 {[%emt 0:00:34] LiveBook: 4 Games} Bc5 (12... Be7 13. Re1 Nc5 14. Qc3 Bf6 15. Ne5 Nd7 16. Qd3 g6 17. Ng4 Bg7 18. Qd6 Nb6 {½-½ (34) Krasenkow,M (2652)-Ter Sahakyan,S (2513) Rijeka 2010}) 13. Qc3 Re8 $146 ({Predecessor:} 13... Qf6 14. Qd3 Qg6 15. Qc3 Qf6 16. Qd3 Qg6 17. Qd2 Qd6 18. Rd1 Qxd2 19. Bxd2 {1-0 (59) Werle,J (2551)-Kroeze,F (2445) Hilversum 2006}) 14. Bg5 f6 (14... Qb6 $11 {keeps the balance.}) 15. Bf4 Nf8 {[%emt 0:02:26] [#]} (15... Qb6 $16) 16. Bg3 ({White should try} 16. b4 $1 $16 Bb6 17. Rad1 (17. c5 Bc7 $16)) 16... Ne6 17. Rad1 Qb6 18. a3 Rd8 $2 (18... a5 $16) 19. Rxd8+ Qxd8 20. Rd1 Qf8 21. b4 Be7 22. c5 a5 23. Bb3 Kh8 24. h3 axb4 25. axb4 Ra3 26. Qb2 Ra8 27. Re1 Nd8 $2 (27... Nxc5 28. bxc5 Bxc5) 28. Qe2 Ne6 29. Bxe6 Bxe6 30. Qxe6 Bd8 31. Bd6 Qg8 32. Qe8 h6 33. g3 Kh7 34. Qxg8+ Kxg8 35. Re8+ Kf7 36. Rf8+ Ke6 37. Kg2 g6 {[%emt 0:03:52] [#]} 38. Bc7 $1 Ke7 39. Rxd8 Rxd8 40. Bxd8+ Kxd8 41. Nh4 g5 42. Nf5 h5 43. Nd6 Kc7 44. Ne8+ Kd7 45. Nxf6+ Ke6 46. Nxh5 Kd5 47. f4 gxf4 48. gxf4 Kc4 49. f5 Kxb4 50. f6 Kxc5 51. f7 b5 52. f8=Q+ Kc4 53. Kf3 b4 54. Ke4 b3 55. Qd6 b2 56. Qd3+ Kb4 57. Nf4 Ka4 58. Kd4 Kb4 59. Qc3+ Kb5 60. Qxb2+ Ka6 61. Kc5 Ka5 62. Qa3# 1-0

[Event "FIDE WCCC U8 2018"]
[Site "Santiago de Compostela"]
[Date "2018.11.04"]
[Round "1"]
[White "Nurgaliyev, Sauat"]
[Black "Samatthanan, Theerath"]
[Result "1-0"]
[ECO "B76"]
[WhiteElo "1764"]
[BlackElo "1133"]
[Annotator "NA RC"]
[PlyCount "47"]
[EventDate "2018.11.04"]
[EventType "swiss"]
[EventCountry "ESP"]
[SourceTitle "playchess.com"]
[Source "ChessBase"]
[SourceQuality "1"]
[TimeControl "40/5400+30:1800+30"]

1. e4 c5 2. Nf3 d6 3. d4 cxd4 4. Nxd4 Nf6 5. Nc3 g6 6. f3 Bg7 7. Be3 O-O 8. Qd2 Nc6 9. O-O-O Bd7 10. g4 Ne5 11. h4 h5 12. gxh5 Nxh5 13. Rg1 Kh7 14. Kb1 Rc8 15. Nd5 Nc4 16. Qb4 Nxe3 17. Nxe3 Bxd4 18. Qxd4 Qa5 19. Rg5 Qc7 20. Bd3 Nf4 21. Nd5 Nxd5 22. exd5 Qc5 23. Rh5+ Kg8 24. Qh8# 1-0

[Event "FIDE WCCC U8 2018"]
[Site "Santiago de Compostela"]
[Date "2018.11.04"]
[Round "1"]
[White "Nurgaliyev, Sauat"]
[Black "Samatthanan, Theerath"]
[Result "*"]
[ECO "B76"]
[WhiteElo "1764"]
[BlackElo "1133"]
[Annotator "NA RC"]
[PlyCount "38"]
[EventDate "2018.11.04"]
[EventType "swiss"]
[EventCountry "ESP"]
[SourceTitle "playchess.com"]
[Source "ChessBase"]
[SourceQuality "1"]
[TimeControl "40/5400+30:1800+30"]

1. e4 c5 2. Nf3 d6 3. d4 cxd4 4. Nxd4 Nf6 5. Nc3 g6 6. f3 Bg7 7. Be3 O-O 8. Qd2 Nc6 9. O-O-O Bd7 10. g4 Ne5 11. h4 h5 12. gxh5 Nxh5 13. Rg1 Kh7 14. Kb1 Rc8 15. Nd5 Nc4 16. Qb4 Nxe3 17. Nxe3 Bxd4 18. Qxd4 Qc7 19. Bd3 Nf4 *

[Event "FIDE WCCC U8 2018"]
[Site "Santiago de Compostela"]
[Date "2018.11.04"]
[Round "1"]
[White "Schnaider, Ilan"]
[Black "Munoz Goncalves, Miguel"]
[Result "1-0"]
[ECO "B40"]
[WhiteElo "1723"]
[BlackElo "1119"]
[Annotator "NA"]
[PlyCount "67"]
[EventDate "2018.11.04"]
[EventType "swiss"]
[EventCountry "ESP"]
[SourceTitle "playchess.com"]
[Source "ChessBase"]
[SourceQuality "1"]
[TimeControl "40/5400+30:1800+30"]

1. e4 c5 2. Nf3 e6 3. d4 cxd4 4. Nxd4 Nf6 5. Nc3 Nc6 6. Be3 Bb4 7. f3 d5 8. Nxc6 bxc6 9. a3 Bxc3+ 10. bxc3 dxe4 11. Qe2 exf3 12. Qxf3 Bb7 13. Rb1 Qc8 14. Bd3 Rb8 15. Bxa7 c5 16. Qg3 Ra8 17. Bb5+ Ke7 18. Rd1 Rd8 19. Rxd8 Kxd8 20. Qd6+ Nd7 21. Bb6+ Ke8 22. Bxc5 Kd8 23. Rf1 f6 24. Qe7+ Kc7 25. Bxd7 Qxd7 26. Bb6+ Kxb6 27. Qxd7 Bc6 28. Qxg7 Rxa3 29. Qxf6 Ra1+ 30. Kf2 Ra2 31. Qd8+ Kc5 32. Qd4+ Kb5 33. Rb1+ Ka5 34. Qa7# 1-0

[Event "FIDE WCCC U8 2018"]
[Site "Santiago de Compostela"]
[Date "2018.11.04"]
[Round "1"]
[White "Lu, Miaoyi"]
[Black "McKoy, Aaron"]
[Result "1-0"]
[ECO "A50"]
[WhiteElo "1717"]
[BlackElo "1116"]
[Annotator "NA RC"]
[PlyCount "75"]
[EventDate "2018.11.04"]
[EventType "swiss"]
[EventCountry "ESP"]
[SourceTitle "playchess.com"]
[Source "ChessBase"]
[SourceQuality "1"]
[TimeControl "40/5400+30:1800+30"]

1. d4 Nf6 2. c4 Nc6 3. Nf3 d5 4. cxd5 Qxd5 5. Nc3 Qd8 6. d5 Nb4 7. Qa4+ c6 8. Qxb4 e5 9. Qa4 Qb6 10. Nxe5 Bc5 11. Nd3 Ng4 12. Nxc5 Qxc5 13. Qe4+ Kf8 14. Be3 Nxe3 15. Qxe3 Qb4 16. O-O-O a5 17. dxc6 Be6 18. a3 Qb3 19. Qc5+ Kg8 20. c7 h6 21. Qb5 a4 22. Qxb3 axb3 23. Nd5 Kf8 24. Nb6 Re8 25. e3 Kg8 26. Rd8 Rxd8 27. cxd8=Q+ Kh7 28. Bd3+ g6 29. Qc7 Rg8 30. Qxb7 Rg7 31. Nd7 h5 32. Nf6+ Kh6 33. Qb8 Bf5 34. Qh8+ Kg5 35. Qxg7 Bxd3 36. e4 h4 37. g3 h3 38. f4# 1-0

[Event "FIDE WCCC U8 2018"]
[Site "Santiago de Compostela"]
[Date "2018.11.04"]
[Round "1"]
[White "Udipi, Kala Kishan"]
[Black "Rey Martinez, Jaime"]
[Result "1-0"]
[ECO "D02"]
[WhiteElo "1653"]
[BlackElo "1095"]
[Annotator "NA"]
[PlyCount "89"]
[EventDate "2018.11.04"]
[EventType "swiss"]
[EventCountry "ESP"]
[SourceTitle "playchess.com"]
[Source "ChessBase"]
[SourceQuality "1"]
[TimeControl "40/5400+30:1800+30"]

1. d4 d5 2. Nf3 Nc6 3. c4 Nf6 4. Nc3 Bg4 5. e3 e6 6. h3 Bh5 7. Be2 dxc4 8. Bxc4 Bd6 9. O-O e5 10. Be2 Qe7 11. d5 Nd8 12. e4 Bb4 13. Qc2 Bg6 14. Bd3 h5 15. Bg5 Rg8 16. a3 Bd6 17. Rac1 a6 18. b4 b5 19. Rfe1 Qd7 20. Qe2 Rb8 21. Rc2 Nh7 22. Be3 f6 23. Nh4 Bf7 24. Nf5 g6 25. Nh6 Rg7 26. Rec1 Kf8 27. Bc5 Be8 28. Bxd6+ cxd6 29. Nd1 Rb7 30. Ne3 Ke7 31. Rc6 Nxc6 32. dxc6 Qc7 33. Nd5+ Kd8 34. Nxc7 Rbxc7 35. Qe3 Bxc6 36. Qb6 Kd7 37. Qxa6 Nf8 38. Rxc6 Rxc6 39. Bxb5 Re7 40. Qxc6+ Kd8 41. Qxd6+ Nd7 42. Ng8 Rf7 43. Nxf6 Re7 44. Nxd7 Kc8 45. Qb8# 1-0

[Event "FIDE WCCC U8 2018"]
[Site "Santiago de Compostela"]
[Date "2018.11.04"]
[Round "1"]
[White "Yuruultei Batbaatar"]
[Black "Begmuratov, Khumoyun"]
[Result "0-1"]
[ECO "E91"]
[WhiteElo "1135"]
[BlackElo "1880"]
[Annotator "NA RC"]
[PlyCount "144"]
[EventDate "2018.11.04"]
[EventType "swiss"]
[EventCountry "ESP"]
[SourceTitle "playchess.com"]
[Source "ChessBase"]
[SourceQuality "1"]
[TimeControl "40/5400+30:1800+30"]

1. d4 Nf6 2. c4 g6 3. Nc3 Bg7 4. e4 d6 5. Nf3 O-O 6. Be2 Nbd7 7. O-O c6 8. Bf4 {[%emt 0:00:28] E91: King's Indian: Classical: 6 Be2, unusual replies including 6...c5 and 6...Bg4} (8. Be3 e5 9. d5 c5 10. Bg5 h6 11. Bd2 Ne8 12. Qc1 Kh7 13. g3 Ndf6 14. Nh4 Bd7 15. a3 Ng8 16. b4 Ne7 17. Rb1 b6 {1-0 (43) Can,E (2561)-Onischuk,V (2601) Budapest 2017}) 8... Qa5 9. a3 $146 ({Predecessor:} 9. Qd2 e5 10. dxe5 dxe5 11. Bh6 Nc5 12. Bxg7 Kxg7 13. Qc2 Ne6 14. Rfd1 {0-1 (42) Gutgesell,W (1825)-Hahn,R (1775) Schloss Schney 1992}) 9... e5 10. b4 Qc7 11. dxe5 dxe5 12. Be3 Rd8 13. Qc2 Nf8 14. c5 Bg4 15. Nd2 Bxe2 16. Nxe2 Ne6 17. Nf3 Rd7 18. Ng3 Ng4 19. Rfd1 Nd4 20. Bxd4 exd4 21. Rd3 Ne5 22. Nxe5 Qxe5 23. Rad1 Re8 24. Qc4 Qg5 25. f3 Qe5 26. Ne2 Red8 27. a4 a6 28. Qb3 ({Better is} 28. Kh1 $11) 28... Kh8 (28... a5 $15) 29. Ng3 f5 (29... a5 $1 $15) 30. Qb2 {[%emt 0:00:46] [#]} f4 ({Better is} 30... a5 $1 $15 ) 31. Ne2 g5 32. Qd2 Qe6 (32... a5 $5) 33. Qc1 Qa2 34. a5 Be5 35. R1d2 Qe6 36. h3 h5 37. Kf2 Bg7 38. Qb1 Qc4 39. Nc1 Qe6 40. Qb3 Qe5 41. Rd1 Bf6 42. R3d2 Qe7 43. Nd3 Be5 44. Nb2 Qf6 (44... g4 $5) 45. Nc4 Qe6 46. Qc2 Qf6 47. Kg1 Bc7 48. Qb2 Be5 49. Kf1 Kh7 50. Qc2 Kh8 51. Nd6 Qe6 ({Much worse is} 51... Bxd6 $6 52. Rxd4 g4 53. hxg4 $16 (53. Rxd6 Rxd6 54. cxd6 gxf3 $11) (53. cxd6 gxf3 54. gxf3 Rxd6 $11) (53. fxg4 hxg4 54. hxg4 f3 $16)) 52. Qc4 $2 (52. Nf5 $16) 52... Rxd6 $1 53. Qxe6 Rxe6 54. Ke2 Rg6 55. Rh1 Kg7 56. Kd3 g4 57. hxg4 hxg4 58. Rh5 Bc7 59. e5 Rd5 60. Re2 Re6 61. Rg5+ Kh6 62. Rxg4 Rdxe5 63. Rxe5 Rxe5 64. Kxd4 Rg5 (64... Re3 $142 65. Rxf4 Bxf4) 65. Rh4+ Kg6 66. Rh2 Rh5 67. Rxh5 Kxh5 68. Kd3 Kh4 69. Ke2 Kg3 70. Kf1 Be5 71. Kg1 Bc3 72. Kh1 Bxb4 0-1

[Event "FIDE WCCC U8 2018"]
[Site "Santiago de Compostela"]
[Date "2018.11.04"]
[Round "1"]
[White "Chomicki, Kornel"]
[Black "Hajdu, Marton Abris"]
[Result "0-1"]
[ECO "B23"]
[WhiteElo "1122"]
[BlackElo "1755"]
[Annotator "NA RC"]
[PlyCount "74"]
[EventDate "2018.11.04"]
[EventType "swiss"]
[EventCountry "ESP"]
[SourceTitle "playchess.com"]
[Source "ChessBase"]
[SourceQuality "1"]
[TimeControl "40/5400+30:1800+30"]

1. e4 c5 2. Nc3 Nc6 3. f4 g6 4. d3 Bg7 5. Nge2 e6 6. Be3 d6 7. Qd2 Nd4 8. Bf2 Ne7 9. Nxd4 cxd4 10. Ne2 Nc6 11. g4 Qb6 12. Rb1 h5 13. g5 e5 14. Bg3 Be6 15. b3 Bg4 16. h4 Bf3 17. Rh2 Bg4 18. Rf2 Rc8 19. Ng1 Nb4 20. Rb2 O-O 21. Bh3 Bxh3 22. Nxh3 Rc3 23. a3 Qa6 24. a4 Rfc8 25. Qd1 Qc6 26. fxe5 dxe5 27. Qf3 Qd7 28. Qg2 Qc7 29. Kd1 Qe7 30. Qh2 Nc6 31. Ng1 Qa3 32. Rb1 Nb4 33. Rc1 Nxd3 34. Rb1 Qa2 35. cxd3 Qxb1+ 36. Ke2 Qxd3+ 37. Ke1 Rc1# 0-1

[Event "FIDE WCCC U8 2018"]
[Site "Santiago de Compostela"]
[Date "2018.11.04"]
[Round "1"]
[White "Reyes Zavaleta, Cristhian Yamil"]
[Black "Zverev, Lev"]
[Result "0-1"]
[ECO "A13"]
[WhiteElo "1117"]
[BlackElo "1723"]
[Annotator "NA RC"]
[PlyCount "90"]
[EventDate "2018.11.04"]
[EventType "swiss"]
[EventCountry "ESP"]
[SourceTitle "playchess.com"]
[Source "ChessBase"]
[SourceQuality "1"]
[TimeControl "40/5400+30:1800+30"]

1. c4 e6 2. Nc3 d5 3. d3 c6 4. Nf3 Nf6 5. g3 Bd6 6. Bg2 O-O 7. O-O h6 8. Bd2 a6 9. Qc1 e5 10. cxd5 cxd5 11. Nh4 Bb4 12. a3 Bxc3 13. Bxc3 Nc6 14. Nf3 Re8 15. Nd2 d4 16. Bb4 Nxb4 17. axb4 Re7 18. Qb1 Be6 19. Ra3 Bd5 20. Qa1 Bxg2 21. Kxg2 Qb6 22. Rb3 Rc8 23. Rc1 Rxc1 24. Qxc1 Rc7 25. Qd1 Qc6+ 26. Nf3 Nd7 27. Kg1 Qa4 28. Nd2 a5 29. bxa5 Nc5 30. Qc2 Rc6 31. Kg2 Nxb3 32. Qxb3 Qxb3 33. Nxb3 Rc2 34. Kf3 Rxb2 35. Nc5 Rb5 36. Nd7 Rxa5 37. Ke4 f6 38. f4 Kf7 39. Nb6 Ke6 40. f5+ Ke7 41. h4 Ra6 42. Nc4 b5 43. Nb2 Ra2 44. Nd1 Rxe2+ 45. Kd5 Rd2 {[%emt 0:00:12] Kxd4} 0-1

[Event "FIDE WCCC U8 2018"]
[Site "Santiago de Compostela"]
[Date "2018.11.04"]
[Round "1"]
[White "Munoz Goncalves, Ivan"]
[Black "Azadaliyev, Jahandar"]
[Result "0-1"]
[ECO "B13"]
[WhiteElo "1101"]
[BlackElo "1674"]
[Annotator "NA"]
[PlyCount "108"]
[EventDate "2018.11.04"]
[EventType "swiss"]
[EventCountry "ESP"]
[SourceTitle "playchess.com"]
[Source "ChessBase"]
[SourceQuality "1"]
[TimeControl "40/5400+30:1800+30"]

1. e4 c6 2. d4 d5 3. exd5 cxd5 4. Bd3 Nc6 5. c3 Nf6 6. Bf4 Bg4 7. Nf3 Qb6 8. Qb3 e6 9. Qxb6 axb6 10. Nbd2 Bxf3 11. Nxf3 Kd7 12. O-O Bd6 13. Bg3 Bxg3 14. fxg3 Ke7 15. a3 Rhe8 16. Rae1 h6 17. Bb5 Nd7 18. g4 f6 19. h4 Kd6 20. g5 hxg5 21. hxg5 e5 22. gxf6 gxf6 23. dxe5+ fxe5 24. Ng5 Rg8 25. Nf7+ Ke6 26. Nh6 Rg6 27. Nf5 Rag8 28. Rf2 Rg5 29. Bxc6 bxc6 30. Nd4+ Kd6 31. Nf5+ Kc7 32. Ne7 R8g7 33. Nf5 Rh7 34. b4 b5 35. Ree2 e4 36. Nd4 Rgh5 37. Rf1 Rh1+ 38. Kf2 Rf7+ 39. Nf3 Rxf1+ 40. Kxf1 exf3 41. Re3 fxg2+ 42. Kxg2 Nb6 43. Re1 Nc4 44. Ra1 Kd6 45. Ra2 Ra7 46. Kf2 Rxa3 47. Rxa3 Nxa3 48. Ke3 c5 49. Kd3 cxb4 50. cxb4 Ke5 51. Kc3 d4+ 52. Kd3 Nc4 53. Ke2 Ke4 54. Kd1 Kd3 0-1

[Event "FIDE WCCC U8 2018"]
[Site "Santiago de Compostela"]
[Date "2018.11.04"]
[Round "1"]
[White "Diniz Lopez, Sergio"]
[Black "Grooten, Tommy"]
[Result "0-1"]
[ECO "D32"]
[WhiteElo "1093"]
[BlackElo "1649"]
[Annotator "NA RC"]
[PlyCount "74"]
[EventDate "2018.11.04"]
[EventType "swiss"]
[EventCountry "ESP"]
[SourceTitle "playchess.com"]
[Source "ChessBase"]
[SourceQuality "1"]
[TimeControl "40/5400+30:1800+30"]

1. d4 d5 2. c4 e6 3. Nc3 c5 4. e3 Nc6 5. Nf3 Nf6 6. Be2 Be7 7. O-O O-O 8. b3 Qc7 9. dxc5 Rd8 10. Nb5 Qb8 11. Qc2 a6 12. Nc3 dxc4 13. Bxc4 Bxc5 14. Na4 Be7 15. Nb6 Ra7 16. Be2 Qc7 17. Nc4 Nb4 18. Qc3 b5 19. Ba3 Nbd5 20. Qe5 bxc4 21. Bxe7 Nxe7 22. Bxc4 Ng6 23. Qc3 Bb7 24. Qb2 Ng4 25. Rad1 Rxd1 26. Rxd1 Bxf3 27. Rd8+ Qxd8 28. gxf3 N4e5 29. Be2 Rd7 30. Qc2 Qc7 31. Qe4 f5 32. Qb1 Nh4 33. f4 Neg6 34. Bc4 Qc6 35. Qf1 Nf3+ 36. Kg2 Nd2+ 37. Kg3 Qf3# 0-1